Map: Ulrena

Players

MorN - Winner!

  • Race: Terran Terran
  • League: Diamond

ying

  • Race: Terran Terran
  • League: Diamond

VOD

Have the link to the VOD?

Description

Time

  • Played on: Nov. 17, 2015, 6:15 p.m.
  • Length: 5:55
Show
View Real Time Build Order
Export as new Build Order

MorN Terran - Winner!

Build Orders:  

Get SALT Encoding   

  12  0:01  SCV  
  13  0:13  SCV  
  14  0:18  Supply Depot  
  14  0:25  SCV  
  15  0:28  Refinery  
  15  0:39  SCV  
  16  0:45  Barracks  
  16  0:51  SCV  
  17  1:03  SCV  
  18  1:15  SCV  
  19  1:32  Marine, Orbital Command  
  20  1:46  Command Center  
  21  1:56  Factory  
  21  2:00  Marine  
  21  2:05  SCV  
  22  2:13  Supply Depot  
  22  2:19  Refinery  
  22  2:21  Marine  
  23  2:35  SCV  
  23  2:48  Marine  
  23  2:50  Starport  
  25  2:51  Hellion  
  25  2:58  SCV  
  24  3:10  Marine  
  24  3:12  SCV  
  24  3:18  Hellion  
  26  3:26  Medivac  
  28  3:33  Marine  
  21  3:50  Hellion  
  21  3:51  Marine  
  20  4:14  SCV  
  21  4:20  Orbital Command  
  21  4:22  Hellion  
  21  4:23  Barracks Tech Lab  
  23  4:24  Viking  
  23  4:27  SCV  
  26  4:39  SCV, Bunker  
  28  5:02  Armory  
  28  5:03  Banshee  
  28  5:21  Hellion  
  28  5:24  SCV  
  28  5:25  SCV  
  32  5:29  Barracks Tech Lab  
  32  5:36  SCV  
  32  5:37  SCV  
Show
View Real Time Build Order
Export as new Build Order

ying Terran 

Build Orders:  

Get SALT Encoding   

  12  0:00  SCV  
  13  0:13  SCV  
  14  0:19  Supply Depot  
  14  0:29  SCV  
  14  0:30  Refinery  
  15  0:42  SCV  
  16  0:51  Barracks  
  16  1:00  Barracks  
  16  1:05  SCV  
  17  1:19  SCV  
  17  1:20  Supply Depot  
  18  1:31  SCV  
  19  1:39  Barracks Tech Lab  
  19  1:43  Orbital Command  
  19  1:50  Reaper  
  20  1:57  Marauder  
  20  1:59  Concussive Shells  
  22  2:09  SCV, Refinery  
  23  2:19  Marauder  
  25  2:26  Reaper  
  26  2:32  Supply Depot, SCV  
  26  2:51  Marauder  
  27  2:52  SCV  
  27  2:56  Factory  
  28  3:11  SCV  
  29  3:14  Marauder  
  29  3:15  Reaper  
  32  3:28  SCV  
  33  3:47  Reaper  
  27  3:57  Reaper  
  27  3:58  Factory Tech Lab  
  27  3:59  Starport  
  26  4:19  Marauder  
  26  4:32  Marine  
  26  4:35  Starport Tech Lab  
  26  4:37  SCV  
  28  4:39  Command Center  
  28  4:42  Barracks  
  28  4:43  Barracks  
  28  4:51  SCV  
  29  4:54  Banshee  
  29  4:58  Supply Depot  
  32  5:03  SCV  
  32  5:04  Marine  
  21  5:21  SCV  
  21  5:22  Marine  
  26  5:31  Marine x2  
  26  5:33  SCV  
Tags
 
Matchup
TvT
Race
Terran
Replay Pack
MorN pack 2
Add a new tag
Caveats
  • Supply blocks, unpowered buildings, or Contaminate may cause inaccurate times.
  • Supply counts are checked every 10 seconds.